 Dungeon Crawl Stone Soup version 0.30.1-4-g462c640d31 (webtiles) character file.

Game seed: 16874850457899174838

18989 spardeous the Severer (level 12, -27/166 HPs)
             Began as a Minotaur Berserker on Aug 23, 2023.
             Was a High Priest of Trog.
             Annihilated by a phantasmal warrior (28 damage)
             ... led by a death knight
             ... on level 13 of the Dungeon.
             The game lasted 00:17:41 (14259 turns).

spardeous the Severer (Minotaur Berserker)         Turns: 14259, Time: 00:17:41

Health: -27/166    AC: 22    Str: 26    XL:     12   Next: 32%
Magic:  11/11      EV:  9    Int:  4    God:    Trog [*****.]
Gold:   505        SH:  0    Dex: 11    Spells: 11/11 levels left

rFire   + . .        D - +8 executioner's axe (flame)
rCold   . . .        (shield currently unavailable)
rNeg    . . .        S - +7 chain mail of Rulump {rElec rF+}
rPois   +            (helmet restricted)
rElec   +            l - +0 cloak
rCorr   .            B - +1 pair of gloves
SInv    +            (no boots)
Will    .....        h - amulet of faith Stlth
                     t - ring of see invisible
HPRegen 0.47/turn    x - ring of poison resistance
MPRegen 0.12/turn

%: faith
@: berserking, weak-willed, slowed
A: horns 2, retaliatory headbutt
a: Renounce Religion, Berserk, Trog's Hand, Brothers in Arms


You were on level 13 of the Dungeon.
You worshipped Trog.
Trog was extremely pleased with you.
You visited 1 branch of the dungeon, and saw 13 of its levels.
You also visited: Ossuary.

You collected 842 gold pieces.
You spent 337 gold pieces at shops.

Inventory:

Hand Weapons
 a - a +0 hand axe
 v - the +3 dagger "Epniuq" {venom, +Blink rC+ Int+3 Dex+2}
   (You found it on level 3 of the Dungeon)

   Int:       It affects your intelligence (+3).
   Dex:       It affects your dexterity (+2).
   rC:        It protects you from cold.
   +Blink:    It lets you blink.
 D - a +8 executioner's axe of flaming (weapon)
 I - a +2 battleaxe of chaos
 K - the +2 battleaxe "Sicu" {flame, *Corrode Fly SInv}
   (You found it on level 10 of the Dungeon)

   SInv:      It lets you see invisible.
   Fly:       It grants you flight.
   *Corrode:  It may corrode you when you take damage.
Missiles
 N - a throwing net (quivered)
Armour
 l - a +0 cloak (worn)
 m - a +1 scale mail of fire resistance
 B - a +1 pair of gloves (worn)
 H - a +2 ring mail of poison resistance
 S - the +7 chain mail of Rulump (worn) {rElec rF+}
   (You bought it in a shop on level 10 of the Dungeon)

   rF:        It protects you from fire.
   rElec:     It insulates you from electricity.
Jewellery
 h - an amulet of faith (around neck)
 o - an amulet of reflection
 q - an amulet of guardian spirit
 t - a ring of see invisible (left hand)
 x - a ring of poison resistance (right hand)
 O - a ring of ice
 R - a ring of positive energy
Wands
 i - a wand of mindburst (3)
 A - a wand of flame (20)
 C - a wand of paralysis (15)
 P - a wand of digging (4)
 Q - a wand of polymorph (4)
Scrolls
 c - 5 scrolls of immolation {unknown}
 g - 3 scrolls of poison
 k - 4 scrolls of vulnerability
 r - 4 scrolls of magic mapping
 s - 2 scrolls of blinking
 y - 5 scrolls of amnesia
 z - 4 scrolls of enchant armour
 E - 4 scrolls of fog
 F - 4 scrolls of identify
 J - 2 scrolls of teleportation
Potions
 b - 6 potions of degeneration {unknown}
 d - 3 potions of cancellation {unknown}
 e - 4 potions of heal wounds {unknown}
 f - 3 potions of flight
 j - 4 potions of ambrosia
 n - 4 potions of magic {unknown}
 p - 7 potions of curing
 u - 3 potions of might {unknown}
 w - 6 potions of resistance {unknown}
 G - 4 potions of mutation {unknown}
 L - 3 potions of brilliance {unknown}
 M - 3 potions of lignification {unknown}
Miscellaneous
 T - a phial of floods


   Skills:
 - Level 11.7 Fighting
 + Level 19.1 Axes
 - Level 10.4 Armour
 - Level 2.1 Dodging


You had 11 spell levels left.
You didn't know any spells.
Your spell library was empty.

Dungeon Overview and Level Annotations

Branches:
Dungeon (13/15)            Temple (0/1) D:7            Lair (0/5) D:8
    Orc (0/2) D:9         Ossuary (visited)
 Vaults: D:13-14

Altars:
Ashenzari
Cheibriados
Elyvilon
Kikubaaqudgha
Makhleb
Okawaru
Ru
Sif Muna
Vehumet
Xom
Zin
Jiyva

Shops:
D:3 **?(   D:10 *

Annotations:
D:11 2 transporters


Innate Abilities, Weirdness & Mutations

You have a pair of horns on your head.
You reflexively headbutt those who attack you in melee.


Message History

You slash the phantasmal warrior! You burn the phantasmal warrior.
You slice the freezing wraith!! You burn the freezing wraith!
You feel the power of Trog in you as your rage grows.
You destroy the freezing wraith!
Trog accepts your kill.
You barely miss the phantasmal warrior.
The death knight reflects your damage back at you!
* * * LOW HITPOINT WARNING * * *
The death knight's dark mirror aura disappears.
The death knight hits you with a +2 broad axe.
* * * LOW HITPOINT WARNING * * *
The phantasmal warrior hits you!
* * * LOW HITPOINT WARNING * * *
The phantasmal warrior hits you but does no damage.
You take 34 damage, and have 49/166 hp.
MASSIVE DAMAGE!!
You closely miss the death knight.
The death knight is heavily wounded.
You slice the phantasmal warrior!! You burn the phantasmal warrior.
You destroy the phantasmal warrior!
Trog accepts your kill.
You closely miss the phantasmal warrior.
The death knight hits you with a +2 broad axe!
* * * LOW HITPOINT WARNING * * *
The phantasmal warrior hits you!
* * * LOW HITPOINT WARNING * * *
Your Axes skill increases to level 19!
You take 29 damage, and have 20/166 hp.
You slice the death knight!! You burn the death knight.
You kill the death knight!
Trog accepts your kill.
You slice the phantasmal warrior!! You burn the phantasmal warrior.
The phantasmal warrior hits you!!
* * * LOW HITPOINT WARNING * * *
You take 19 damage, and have 1/166 hp.
You are too berserk!
You are too berserk!
You barely miss the phantasmal warrior.
The phantasmal warrior is almost destroyed.
You slash the wraith! You burn the wraith. The phantasmal warrior hits you!!
You die...

#.##...##..
#......... #........
####### #.......
#.....# #......
#.....' #.....
##'#####
#..WW#########.......
#...@#.......#.####..
#.#..#.......#.####..
#....#.......#.......
#....#..######.......
#....#..#######......
#....'...##...+.##..#
#..#.#...##...#.##...
#....######.###......
#.....#####.########.


You could see a phantasmal warrior and a wraith.

Vanquished Creatures
  Jorgrun (D:12)
  Fannar (D:12)
  A two-headed ogre (D:11)
  2 centaur warriors
  3 death yaks (D:8)
  A death knight (D:13)
  A deep elf pyromancer (D:10)
  A phantasmal warrior (D:13)
  2 manticores
  2 cyclopes
  2 gargoyles
  3 unseen horrors
  A freezing wraith (D:13)
  3 trolls
  4 shadows
  3 wyverns (D:8)
  10 yaks
  4 wraiths
  3 vampire mosquitoes (D:11)
  A basilisk (D:7)
  2 steam dragons
  2 acid dragons
  A water moccasin (D:9)
  5 orc warriors
  3 ogres
  3 centaurs
  A kobold brigand (D:6)
  5 bullfrogs
  4 gnoll sergeants
  8 wights (D:8)
  4 scorpions
  3 killer bees (D:5)
  6 howler monkeys
  A centaur zombie (Ossuary)
  A crimson imp (D:4)
  2 jellies (D:5)
  2 hounds (D:5)
  3 human zombies (Ossuary)
  8 orc priests
  A gnoll bouda (D:5)
  4 iguanas
  Crazy Yiuf (D:2)
  Jessica (D:3)
  4 sleepcaps
  Terence (D:2)
  13 orc wizards
  2 mummies (Ossuary)
  13 adders
  31 gnolls
  A shadow imp (D:7)
  A white imp (D:7)
  An ufetubus (D:7)
  3 adder zombies (Ossuary)
  A worm (D:2)
  2 dart slugs
  35 orcs
  7 bats
  12 endoplasms
  4 giant cockroaches
  3 goblins
  9 hobgoblins
  6 jackals (D:1)
  8 kobolds
  5 quokkas
  2 ball pythons
  A goblin zombie (Ossuary)
  11 hobgoblin zombies (Ossuary)
  2 jackal zombies (Ossuary)
  6 kobold zombies (Ossuary)
  9 orc zombies (Ossuary)
  4 rats
  3 rat zombies
320 creatures vanquished.

Vanquished Creatures (others)
  A hobgoblin (D:10)
1 creature vanquished.

Grand Total: 321 creatures vanquished

Notes
Turn   | Place    | Note
-------+----------+-------------------------------------------
     0 | D:1      | spardeous the Minotaur Berserker began the quest for the
                  | Orb.
     0 | D:1      | Reached XP level 1. HP: 19/19 MP: 0/0
   189 | D:1      | Reached skill level 4 in Axes
   189 | D:1      | Reached XP level 2. HP: 25/27 MP: 1/1
   529 | D:1      | Reached ** piety under Trog
   534 | D:1      | Reached XP level 3. HP: 34/34 MP: 2/2
  1070 | D:2      | Noticed Terence
  1170 | D:2      | Killed Terence
  1171 | D:2      | Reached XP level 4. HP: 39/41 MP: 3/3
  1228 | D:2      | Reached skill level 5 in Fighting
  1228 | D:2      | Reached skill level 5 in Axes
  1549 | D:2      | Found a runed translucent door.
  1550 | D:2      | Noticed Crazy Yiuf
  1782 | D:2      | Killed Crazy Yiuf
  1925 | D:3      | Found Dumaehuu's General Store.
  1947 | D:3      | Bought a potion of curing for 39 gold pieces
  1947 | D:3      | Bought a scroll of identify for 26 gold pieces
  1966 | D:3      | Noticed Jessica
  1978 | D:3      | Killed Jessica
  1979 | D:3      | Reached XP level 5. HP: 38/49 MP: 4/4
  2101 | D:3      | Found Lizung's Assorted Antiques.
  2138 | D:3      | Reached *** piety under Trog
  2146 | D:3      | Found Dotilloahu's Weapon Shoppe.
  2146 | D:3      | Noticed a +0 giant club
  2146 | D:3      | Noticed a +0 demon trident
  2267 | D:3      | Identified the +3 dagger "Epniuq" {venom, +Blink rC+ Int+3
                  | Dex+2}
  2303 | D:3      | Found Juuwn's Magic Scroll Boutique.
  2489 | D:4      | Reached skill level 6 in Axes
  2527 | D:4      | Found a radiant altar of Vehumet.
  2560 | D:4      | Reached XP level 6. HP: 57/57 MP: 5/5
  2869 | D:4      | Found a shimmering altar of Xom.
  2869 | D:4      | Found a burning altar of Makhleb.
  3218 | D:4      | Found an iron altar of Okawaru.
  3272 | D:4      | Found a radiant altar of Vehumet.
  3802 | D:4      | Found a shimmering altar of Xom.
  3803 | D:4      | Found a burning altar of Makhleb.
  3843 | D:5      | Entered Level 5 of the Dungeon
  3956 | D:5      | Reached **** piety under Trog
  3957 | D:5      | Reached skill level 7 in Axes
  3959 | D:5      | Reached XP level 7. HP: 56/66 MP: 6/6
  4172 | D:5      | Found an ancient bone altar of Kikubaaqudgha.
  4543 | D:5      | Reached skill level 8 in Axes
  5356 | D:6      | Reached XP level 8. HP: 40/75 MP: 7/7
  5577 | D:6      | Reached skill level 9 in Axes
  6464 | D:7      | Reached skill level 10 in Fighting
  6464 | D:7      | Reached skill level 10 in Axes
  6889 | D:7      | Found a staircase to the Ecumenical Temple.
  7140 | D:7      | Reached XP level 9. HP: 63/86 MP: 8/8
  7226 | D:7      | Reached ***** piety under Trog
  7691 | D:8      | Reached skill level 11 in Axes
  7825 | D:8      | Noticed a death yak
  7859 | D:8      | Noticed a death yak
  7859 | D:8      | Noticed a death yak
  7941 | D:8      | Found a sand-covered staircase.
  7982 | Ossuary  | Entered an ossuary
  8363 | D:8      | Reached skill level 5 in Armour
  8555 | D:8      | Killed a death yak
  8556 | D:8      | Reached XP level 10. HP: 97/97 MP: 9/9
  8557 | D:8      | Killed a death yak
  8557 | D:8      | Received a gift from Trog
  8563 | D:8      | Killed a death yak
  8655 | D:8      | Found a shimmering blue altar of Sif Muna.
  8666 | D:8      | Reached skill level 10 in Armour
  8858 | D:8      | Found a staircase to the Lair.
  9097 | D:9      | Reached skill level 12 in Axes
  9535 | D:9      | Found a white marble altar of Elyvilon.
  9535 | D:9      | Found a glowing silver altar of Zin.
  9543 | D:9      | Found a sacrificial altar of Ru.
  9545 | D:9      | Found a snail-covered altar of Cheibriados.
  9547 | D:9      | Found a broken altar of Ashenzari.
  9753 | D:9      | Found the +6 lightning scales {swift, rElec}
  9795 | D:9      | Reached skill level 13 in Axes
  9898 | D:9      | Found a staircase to the Orcish Mines.
 10403 | D:10     | Entered Level 10 of the Dungeon
 10469 | D:10     | You fall into a shaft and drop 1 floor!
 10482 | D:11     | Found a transporter.
 10531 | D:11     | Reached skill level 14 in Axes
 10531 | D:11     | Reached XP level 11. HP: 84/104 MP: 10/10
 10595 | D:10     | Found Walec's Assorted Antiques.
 10599 | D:10     | Bought a scroll labelled MUAPPOIKH for 22 gold pieces
 10599 | D:10     | Bought a scroll labelled POOMATH ZUEKIKK for 22 gold pieces
 10599 | D:10     | Bought a golden potion for 19 gold pieces
 10599 | D:10     | Bought a steaming chain mail for 209 gold pieces
 10599 | D:10     | Identified the +7 chain mail of Rulump {rElec rF+} (You
                  | bought it in a shop on level 10 of the Dungeon)
 10711 | D:10     | Noticed a centaur warrior
 10724 | D:10     | Killed a centaur warrior
 10756 | D:10     | Identified the +2 battleaxe "Sicu" {flame, *Corrode Fly
                  | SInv}
 10772 | D:10     | Reached skill level 15 in Axes
 10906 | D:10     | Noticed a deep elf pyromancer
 10909 | D:10     | Killed a deep elf pyromancer
 11563 | D:11     | Received a gift from Trog
 11574 | D:11     | Noticed a two-headed ogre
 11583 | D:11     | Killed a two-headed ogre
 11584 | D:11     | Reached skill level 16 in Axes
 12396 | D:11     | Found a transporter.
 12396 | D:11     | Found a viscous altar of Jiyva.
 12603 | D:12     | Noticed Fannar
 12615 | D:12     | Killed Fannar
 12725 | D:12     | Reached skill level 17 in Axes
 12991 | D:12     | Noticed Jorgrun
 13005 | D:12     | Killed Jorgrun
 13006 | D:12     | Reached skill level 18 in Axes
 13006 | D:12     | Reached XP level 12. HP: 45/111 MP: 11/11
 13608 | D:13     | Found a glowing silver altar of Zin.
 13913 | D:13     | Noticed a centaur warrior
 13920 | D:13     | Killed a centaur warrior
 14249 | D:13     | Noticed a death knight
 14258 | D:13     | Reached skill level 19 in Axes
 14258 | D:13     | Killed a death knight
 14258 | D:13     | HP: 1/166 [phantasmal warrior[a death knight] (20)]
 14259 | D:13     | Annihilated by a phantasmal warrior

Illustrated notes

Levels and vault maps discovered:
D:1:      saegor_arrival_miasma, layout_loops_cross, kennysheep_doodads,
          chequers_big_river, minmay_misc_feat_doors, minmay_tromino_v7
D:2:      layout_basic, uniq_terence, uniq_crazy_yiuf_cottage
D:3:      minmay_angry_zag, layout_rooms, serial_shops, nicolae_shop_mannequins,
          nicolae_shop_pleasant_corner_grove, nicolae_shop_crystal, shop,
          minmay_box_of_dots, uniq_jessica
D:4:      nicolae_cairo_tiling, layout_basic,
          grunt_temple_overflow_champion_of_chaos, okawaru_altar_gauntlet_db,
          nicolae_vehumet_radiance
D:5:      layout_layer_cave, nicolae_kikubaaqudgha_miasma_corner,
          due_unseen_surprise
D:6:      layout_basic, serial_corexii_hall, chequers_hall_statues_wall_a,
          corexii_hall_statues_l
D:7:      layout_basic, minmay_temple_entry_stoned_glass
D:8:      layout_cave_pools, kennysheep_orc_sif_temple, dpeg_lair_monsters,
          enter_ossuary_4, kennysheep_generic_room_12
D:9:      layout_layer_cave, chequers_temple_overflow_minitemple, orc_0_dummy
D:10:     layout_cave_pods, enter_bailey_4, serial_shops,
          nicolae_shop_just_a_little_nook, minivault_20, abandoned_shop,
          columned_hall_lemuel, corner_web_ring, lemuel_flamethrower_2
D:11:     gammafunk_jiyva_shrine, layout_basic
D:12:     layout_gridville, uniq_jorgrun, uniq_fannar
D:13:     layout_stronghold, zin_academy

Skill      XL: |  1  2  3  4  5  6  7  8  9 10 11 12 |
---------------+-------------------------------------+-----
Fighting       | 4 5 6 7 8 10 11 | 11.7
Axes           | 4 5 6 7 8 10 11 14 18 19 | 19.1
Armour         | 7 10 | 10.4
Dodging        | |  2.1

Action                     |  1- 3 |  4- 6 |  7- 9 | 10-12 || total
---------------------------+-------+-------+-------+-------++-------
  Melee: Hand axe          |    58 |   149 |   218 |       ||   425
         Headbutt          |     4 |    23 |    58 |    61 ||   146
         Punch             |       |     1 |     2 |       ||     3
         Battleaxe         |       |       |   106 |   252 ||   358
         Executioner's axe |       |       |       |    26 ||    26
 Invoke: Berserk           |       |       |     4 |     3 ||     7
         Trog's Hand       |       |       |       |     1 ||     1
    Use: Scroll            |       |     4 |     3 |    10 ||    17
 Armour: Animal skin       |    11 |       |       |       ||    11
         Scale mail        |       |    71 |    70 |       ||   141
         Ring mail         |       |       |    37 |    36 ||    73
         Chain mail        |       |       |       |   129 ||   129
  Dodge: Dodged            |    40 |    60 |   159 |   113 ||   372
